[Event "Belarus-ch Men 2022"]
[Site "Minsk"]
[Date "2022.01.13"]
[Round "1.1"]
[White "Stribuk, Artiom"]
[Black "Tsaruk, Maksim"]
[Result "0-1"]
[ECO "E11"]
[WhiteElo "2210"]
[BlackElo "2343"]
[Annotator "ChessBase"]
[PlyCount "98"]
[EventDate "2022.01.09"]
[EventType "tourn"]
[EventCountry "BLR"]
[SourceTitle "playchess.com"]
[Source "ChessBase"]
[SourceQuality "1"]
[TimeControl "40/5400+30:1800+30"]

1. d4 Nf6 2. c4 e6 3. g3 d5 4. Nf3 Bb4+ 5. Bd2 Be7 6. Bg2 O-O 7. Qc2 c6 8. h4 Nbd7 9. Nc3 dxc4 10. Rd1 Qc7 11. Bf4 Bd6 12. Bxd6 Qxd6 13. e4 Qe7 14. e5 Nd5 15. Ng5 f5 16. Qe2 h6 17. Nh3 N7b6 18. Bxd5 cxd5 19. Nf4 Rf7 20. g4 fxg4 21. Qxg4 Rf5 22. Rg1 Qf7 23. Nce2 Bd7 24. Rc1 Kh7 25. Rc3 Na4 26. Rcg3 Rg8 27. Nh3 Be8 28. Ng5+ hxg5 29. hxg5 Rf8 30. Rh1+ Kg8 31. Rgh3 Qg6 32. Nf4 Rxf4 33. Rh8+ Kf7 34. Qxf4+ Qf5 35. g6+ Ke7 36. Rxf8 Kxf8 37. Rh8+ Ke7 38. Qh4+ Kd7 39. Rg8 Qb1+ 40. Ke2 Qd3+ 41. Ke1 Qxg6 42. Qh8 Qb1+ 43. Ke2 Qd3+ 44. Ke1 Nxb2 45. Rxg7+ Kd8 46. Qh4+ Kc8 47. f3 Qxf3 48. Qf6 Nd3+ 49. Kd2 Qf2+ 0-1

[Event "Belarus-ch Men 2022"]
[Site "Minsk"]
[Date "2022.01.13"]
[Round "1.5"]
[White "Siniauski, Artsiom"]
[Black "Runets, Ivan"]
[Result "1/2-1/2"]
[ECO "C43"]
[WhiteElo "2301"]
[BlackElo "2240"]
[Annotator "ChessBase"]
[PlyCount "67"]
[EventDate "2022.01.09"]
[EventType "tourn"]
[EventCountry "BLR"]
[SourceTitle "playchess.com"]
[Source "ChessBase"]
[SourceQuality "1"]
[TimeControl "40/5400+30:1800+30"]

1. e4 e5 2. Nf3 Nf6 3. d4 Nxe4 4. Bd3 d5 5. Nxe5 Nd7 6. Nxd7 Bxd7 7. O-O Bd6 8. c4 O-O 9. c5 Be7 10. Nd2 Nxd2 11. Bxd2 Bf6 12. Be3 c6 13. a4 a5 14. Bf4 Re8 15. Ra3 Bxd4 16. Bxh7+ Kxh7 17. Qxd4 Re4 18. Qd2 Bf5 19. g4 Bg6 20. Rh3+ Kg8 21. f3 Rc4 22. Be5 f6 23. Bd4 Rc2 24. Qe1 Qe8 25. Qh4 Qe2 26. Bf2 Kf7 27. Re1 Qd2 28. Qg3 Kg8 29. Qh4 Kf7 30. Qg3 Rf8 31. Be3 Qb4 32. Bf2 Qd2 33. Be3 Qb4 34. Bf2 1/2-1/2

[Event "Belarus-ch Men 2022"]
[Site "Minsk"]
[Date "2022.01.13"]
[Round "2.6"]
[White "Stribuk, Artiom"]
[Black "Volianuk, Vitaly"]
[Result "1-0"]
[ECO "A42"]
[WhiteElo "2210"]
[BlackElo "2267"]
[Annotator "ChessBase"]
[PlyCount "119"]
[EventDate "2022.01.09"]
[EventType "tourn"]
[EventCountry "BLR"]
[SourceTitle "playchess.com"]
[Source "ChessBase"]
[SourceQuality "1"]
[TimeControl "40/5400+30:1800+30"]

1. d4 g6 2. c4 Bg7 3. Nc3 d6 4. e4 e5 5. Nge2 Nc6 6. Be3 h5 7. h4 Bh6 8. Qd2 Bxe3 9. Qxe3 Nh6 10. f3 Be6 11. d5 Nb4 12. O-O-O Bd7 13. a3 Na6 14. b4 Qe7 15. g3 Nb8 16. Kb2 a5 17. Nc1 Kf8 18. Be2 Kg7 19. Nd3 axb4 20. axb4 Na6 21. Ra1 c5 22. b5 Nc7 23. Na4 Rab8 24. Ra3 f5 25. Nb6 Na8 26. Nxd7 Qxd7 27. f4 Nb6 28. Rc1 exf4 29. Nxf4 Rhe8 30. Ne6+ Rxe6 31. dxe6 Qxe6 32. exf5 Qxe3 33. Rxe3 Nxf5 34. Ra3 Nd4 35. Bd3 Re8 36. Ra7 Re7 37. Be4 d5 38. Bxd5 Nxd5 39. cxd5 Nxb5 40. Ra5 Nd6 41. Raxc5 Kf6 42. Rc7 Re5 43. Rf1+ Nf5 44. d6 Rd5 45. d7 Ke7 46. Rxb7 Rxd7 47. Rxd7+ Kxd7 48. Rf3 Ke6 49. Kc3 Kd5 50. Kd2 Ke5 51. Ra3 Ng7 52. Ke3 Nf5+ 53. Kf2 Ng7 54. Ra5+ Kf6 55. Ke3 Ne6 56. Ke4 g5 57. Rf5+ Kg6 58. Re5 gxh4 59. Rxe6+ Kf7 60. Rh6 1-0

[Event "Belarus-ch Men 2022"]
[Site "Minsk"]
[Date "2022.01.13"]
[Round "3.1"]
[White "Volianuk, Vitaly"]
[Black "Tsaruk, Maksim"]
[Result "0-1"]
[ECO "C89"]
[WhiteElo "2267"]
[BlackElo "2343"]
[Annotator "ChessBase"]
[PlyCount "116"]
[EventDate "2022.01.09"]
[EventType "tourn"]
[EventCountry "BLR"]
[SourceTitle "playchess.com"]
[Source "ChessBase"]
[SourceQuality "1"]
[TimeControl "40/5400+30:1800+30"]

1. e4 e5 2. Nf3 Nc6 3. Bb5 a6 4. Ba4 Nf6 5. d3 b5 6. Bb3 Be7 7. c3 Bb7 8. O-O O-O 9. Re1 d5 10. Bg5 dxe4 11. dxe4 Qxd1 12. Bxd1 Nd7 13. Bxe7 Nxe7 14. Nbd2 Rfd8 15. b4 c5 16. Nb3 c4 17. Na5 Bc6 18. Bc2 f6 19. Red1 Nb6 20. Kf1 Kf7 21. Ke2 Rac8 22. Nd2 Ba8 23. a4 Rb8 24. axb5 axb5 25. f3 Nbc8 26. Nf1 Nd6 27. Ne3 Ne8 28. Ra2 h5 29. Rda1 Nc7 30. Rd1 Ne6 31. g3 h4 32. Raa1 g6 33. Ng2 hxg3 34. hxg3 f5 35. Ke3 Kf6 36. Rxd8 Rxd8 37. Rd1 Rxd1 38. Bxd1 fxe4 39. fxe4 Ng5 40. Bc2 Nc8 41. Nf4 exf4+ 42. gxf4 Ne6 43. f5 g5 44. fxe6 Kxe6 45. Kd4 g4 46. Bd1 g3 47. Bg4+ Kd6 48. Ke3 Nb6 49. Kf3 Na4 50. Kxg3 Nxc3 51. Kf4 Bxe4 52. Ke3 Ke5 53. Bd7 Nd5+ 54. Ke2 Kd4 55. Nc6+ Kc3 56. Na7 Kxb4 57. Nxb5 Nf6 58. Nd6 Bd3+ 0-1

[Event "Belarus-ch Men 2022"]
[Site "Minsk"]
[Date "2022.01.13"]
[Round "3.4"]
[White "Siniauski, Artsiom"]
[Black "Zarubitski, Viachaslau"]
[Result "0-1"]
[ECO "B34"]
[WhiteElo "2301"]
[BlackElo "2413"]
[Annotator "RC"]
[PlyCount "70"]
[EventDate "2022.01.09"]
[EventType "tourn"]
[EventCountry "BLR"]
[SourceTitle "playchess.com"]
[Source "ChessBase"]
[SourceQuality "1"]
[TimeControl "40/5400+30:1800+30"]

1. e4 c5 2. Nf3 Nc6 3. d4 cxd4 4. Nxd4 g6 5. Nc3 Bg7 6. Be3 Nf6 7. Nxc6 bxc6 8. e5 Ng8 9. f4 Nh6 10. Bc4 O-O 11. Qf3 d6 12. Qxc6 Bd7 13. Qf3 Rc8 14. Bb3 Bc6 15. Qe2 Nf5 16. e6 Bxg2 17. exf7+ Kh8 18. Rg1 Rxc3 19. bxc3 Bxc3+ 20. Kf2 Ba8 21. Qd3 Bxa1 22. Rxa1 e5 23. Ke2 Qh4 24. Kd2 Qxh2+ 25. Kc3 Nxe3 26. Qxd6 Rc8+ 27. Kb2 Qxf4 28. c3 Kg7 29. Re1 Qf2+ 30. Ka3 Nc2+ 31. Bxc2 Qxe1 32. Bb3 Qc1+ 33. Ka4 Qf4+ 34. Ka5 Rf8 35. a4 Qf6 0-1

[Event "Belarus-ch Men 2022"]
[Site "Minsk"]
[Date "2022.01.13"]
[Round "4.1"]
[White "Tsaruk, Maksim"]
[Black "Runets, Ivan"]
[Result "1-0"]
[ECO "C95"]
[WhiteElo "2343"]
[BlackElo "2240"]
[Annotator "ChessBase"]
[PlyCount "101"]
[EventDate "2022.01.09"]
[EventType "tourn"]
[EventCountry "BLR"]
[SourceTitle "playchess.com"]
[Source "ChessBase"]
[SourceQuality "1"]
[TimeControl "40/5400+30:1800+30"]

1. e4 e5 2. Nf3 Nc6 3. Bb5 a6 4. Ba4 Nf6 5. O-O Be7 6. Re1 b5 7. Bb3 d6 8. c3 O-O 9. h3 Nb8 10. d4 Nbd7 11. Nbd2 c5 12. Nf1 Re8 13. Ng3 Bf8 14. Bc2 Bb7 15. d5 g6 16. Bg5 c4 17. Qd2 Nc5 18. b4 cxb3 19. axb3 Bg7 20. b4 Ncd7 21. Bh6 Bxh6 22. Qxh6 Nb6 23. Bd3 Qe7 24. Nd2 Rec8 25. Rec1 Nfd7 26. Rc2 Na4 27. Rac1 Ndb6 28. Ngf1 Rc7 29. Ne3 Bc8 30. c4 bxc4 31. Ndxc4 Nxc4 32. Nxc4 Bd7 33. Na5 Rxc2 34. Rxc2 Qf8 35. Qc1 Qb8 36. Nc6 Bxc6 37. dxc6 Nb6 38. c7 Qb7 39. Qg5 Kg7 40. Qd8 Nc8 41. Kh2 a5 42. bxa5 Qb3 43. Rd2 Qc3 44. Rd1 Qxa5 45. Be2 h5 46. Bc4 Qa4 47. Bd5 Qxd1 48. Qd7 Ne7 49. Qxe7 Rc8 50. Qxf7+ Kh6 51. Be6 1-0

[Event "Belarus-ch Men 2022"]
[Site "Minsk"]
[Date "2022.01.13"]
[Round "4.5"]
[White "Stribuk, Artiom"]
[Black "Lutsko, Igor"]
[Result "0-1"]
[ECO "A90"]
[WhiteElo "2210"]
[BlackElo "2305"]
[Annotator "ChessBase"]
[PlyCount "126"]
[EventDate "2022.01.09"]
[EventType "tourn"]
[EventCountry "BLR"]
[SourceTitle "playchess.com"]
[Source "ChessBase"]
[SourceQuality "1"]
[TimeControl "40/5400+30:1800+30"]

1. d4 e6 2. c4 f5 3. g3 Nf6 4. Bg2 d5 5. Nf3 c6 6. O-O Bd6 7. Nc3 O-O 8. Qc2 Bd7 9. Rb1 Be8 10. b4 f4 11. Qb3 fxg3 12. hxg3 Bg6 13. Rb2 Nbd7 14. Ng5 Qe7 15. Bh3 Bf5 16. Bxf5 exf5 17. cxd5 Kh8 18. a3 a5 19. dxc6 axb4 20. axb4 bxc6 21. b5 c5 22. Nd5 Nxd5 23. Qxd5 cxd4 24. b6 Rab8 25. b7 Nc5 26. Bf4 Bxf4 27. gxf4 Na4 28. Rb3 Nc3 29. Qf3 h6 30. Nh3 Nxe2+ 31. Kg2 Nc3 32. Ra1 Ne4 33. Rd1 Rfd8 34. Rbd3 Qc5 35. Rb1 Rd7 36. Qh5 Qd5 37. Kh2 Nf6 38. Qg6 Ng4+ 39. Kg3 Rd6 40. Qh5 Nf6 41. Qf3 Ne4+ 42. Kh2 Rd7 43. Rbd1 Qc5 44. Qh5 Nf6 45. Qf3 Kg8 46. Kg2 Ne4 47. Qh5 Rbxb7 48. Qe8+ Kh7 49. Re1 Re7 50. Qf8 Qd5 51. f3 Qa2+ 52. Kg1 Rf7 53. Qd8 Rb1 54. Rdd1 Rxd1 55. Rxd1 Qe2 56. Rf1 Nd2 57. Rf2 Nxf3+ 58. Kg2 Ne1+ 59. Kh2 Qe4 60. Kg3 Qe3+ 61. Kh2 Rf6 62. Qd5 d3 63. Qh1 Rg6 0-1

[Event "Belarus-ch Men 2022"]
[Site "Minsk"]
[Date "2022.01.13"]
[Round "5.2"]
[White "Lutsko, Igor"]
[Black "Volianuk, Vitaly"]
[Result "0-1"]
[ECO "B06"]
[WhiteElo "2305"]
[BlackElo "2267"]
[Annotator "ChessBase"]
[PlyCount "100"]
[EventDate "2022.01.09"]
[EventType "tourn"]
[EventCountry "BLR"]
[SourceTitle "playchess.com"]
[Source "ChessBase"]
[SourceQuality "1"]
[TimeControl "40/5400+30:1800+30"]

1. d4 g6 2. e4 Bg7 3. Nf3 d6 4. Bc4 e6 5. Qe2 a6 6. Bb3 Ne7 7. c3 b6 8. Bf4 h6 9. Nbd2 Bb7 10. h3 Nd7 11. Bh2 g5 12. O-O-O Ng6 13. Ne1 Qe7 14. Nd3 O-O-O 15. Rhe1 h5 16. Qf1 Bh6 17. Kb1 Nf4 18. Nb4 a5 19. Nc2 Rdg8 20. g3 Ng6 21. f3 g4 22. fxg4 hxg4 23. h4 Nf6 24. Qd3 Qd7 25. Ne3 Bxe3 26. Qxe3 d5 27. e5 Nh5 28. Rf1 Ba6 29. Bc2 Bxf1 30. Rxf1 Ne7 31. Rxf7 Nf5 32. Rxf5 exf5 33. e6 Qe7 34. Bxf5 Nf6 35. c4 Rh5 36. Qd3 Rd8 37. c5 Kb7 38. Nb3 Qe8 39. Bg6 Qxe6 40. Qb5 Qe1+ 41. Nc1 Qb4 42. c6+ Ka7 43. Qf1 Rd6 44. Nd3 Qb5 45. Qd1 Ne4 46. Bxe4 dxe4 47. Nf4 Rf5 48. Bg1 Rxf4 49. gxf4 Rxc6 50. a4 Qd3+ 0-1

[Event "Belarus-ch Men 2022"]
[Site "Minsk"]
[Date "2022.01.13"]
[Round "5.3"]
[White "Siniauski, Artsiom"]
[Black "Stribuk, Artiom"]
[Result "1/2-1/2"]
[ECO "B30"]
[WhiteElo "2301"]
[BlackElo "2210"]
[Annotator "ChessBase"]
[PlyCount "94"]
[EventDate "2022.01.09"]
[EventType "tourn"]
[EventCountry "BLR"]
[SourceTitle "playchess.com"]
[Source "ChessBase"]
[SourceQuality "1"]
[TimeControl "40/5400+30:1800+30"]

1. e4 c5 2. Nf3 Nc6 3. Bb5 e6 4. O-O Nge7 5. Re1 a6 6. Bf1 b6 7. d4 cxd4 8. Nxd4 Qc7 9. Be3 Ng6 10. c4 Bd6 11. g3 Nxd4 12. Bxd4 Be5 13. Nc3 d6 14. Rc1 O-O 15. Be3 Bb7 16. Bg2 Qxc4 17. Na4 Qb5 18. f4 Bf6 19. Nxb6 Rab8 20. a4 Qb4 21. Nd7 Bxe4 22. Bxe4 Qxe4 23. Nxb8 Rxb8 24. Ba7 Qb7 25. Bxb8 Qxb8 26. b3 Ne7 27. Qd3 Qb6+ 28. Kg2 g6 29. h4 h5 30. Kh3 Kg7 31. Rc2 Nd5 32. Qf3 a5 33. Rec1 Qb4 34. Rd1 Ne7 35. Rc7 d5 36. Qd3 Qb6 37. Rdc1 Nf5 38. R7c5 Qb4 39. Rb5 Qa3 40. Rf1 Qb2 41. Rc5 d4 42. Rb1 Qa2 43. Qc2 Qa3 44. Rxa5 Ne3 45. Qd2 Qd6 46. Re1 Qc6 47. Rg5 Qf3 1/2-1/2

[Event "Belarus-ch Men 2022"]
[Site "Minsk"]
[Date "2022.01.15"]
[Round "7.1"]
[White "Lutsko, Igor"]
[Black "Tsaruk, Maksim"]
[Result "0-1"]
[ECO "A28"]
[WhiteElo "2305"]
[BlackElo "2343"]
[Annotator "ChessBase"]
[PlyCount "72"]
[EventDate "2022.01.09"]
[EventType "tourn"]
[EventCountry "BLR"]
[SourceTitle "playchess.com"]
[Source "ChessBase"]
[SourceQuality "1"]
[TimeControl "40/5400+30:1800+30"]

1. c4 Nf6 2. Nc3 e5 3. Nf3 Nc6 4. e3 d5 5. cxd5 Nxd5 6. Qc2 Nxc3 7. bxc3 Bd6 8. h4 h6 9. Bd3 Qd7 10. h5 O-O 11. Nh4 Ne7 12. e4 c5 13. a4 b6 14. Bc4 Qg4 15. d3 Qxh5 16. f3 Ng6 17. g4 Qxh4+ 18. Rxh4 Nxh4 19. Kf2 Be6 20. Qb3 Bxc4 21. Qxc4 g5 22. a5 Rae8 23. axb6 axb6 24. Ra6 Bc7 25. d4 exd4 26. cxd4 cxd4 27. Ba3 Rc8 28. Qb3 Rfd8 29. Be7 Rd7 30. Bf6 Bf4 31. Qa4 b5 32. Ra8 bxa4 33. Rxc8+ Kh7 34. Rh8+ Kg6 35. e5 Bxe5 36. Bxe5 f6 0-1

[Event "Belarus-ch Men 2022"]
[Site "Minsk"]
[Date "2022.01.16"]
[Round "8.3"]
[White "Stribuk, Artiom"]
[Black "Runets, Ivan"]
[Result "1-0"]
[ECO "E05"]
[WhiteElo "2210"]
[BlackElo "2240"]
[Annotator "ChessBase"]
[PlyCount "66"]
[EventDate "2022.01.09"]
[EventType "tourn"]
[EventCountry "BLR"]
[SourceTitle "playchess.com"]
[Source "ChessBase"]
[SourceQuality "1"]
[TimeControl "40/5400+30:1800+30"]

1. d4 Nf6 2. c4 e6 3. g3 d5 4. Nf3 Be7 5. Bg2 O-O 6. O-O dxc4 7. Qc2 a6 8. a4 Bd7 9. Rd1 Bc6 10. Bg5 a5 11. Qxc4 Na6 12. Nc3 Nb4 13. Rac1 h6 14. Bxf6 Bxf6 15. e4 b6 16. d5 exd5 17. exd5 Bb7 18. Nd4 Qd7 19. Nc6 Ba6 20. Nb5 Bxb2 21. Rb1 Bf6 22. d6 Rac8 23. Nxb4 axb4 24. Qxb4 c5 25. Qd2 c4 26. Nc3 Rfd8 27. Rxb6 Qa7 28. a5 Rc5 29. Ne4 Rf5 30. Nxf6+ Rxf6 31. Qd4 Bc8 32. Qxc4 Qxa5 33. Rb8 Bg4 1-0

[Event "Belarus-ch Men 2022"]
[Site "Minsk"]
[Date "2022.01.16"]
[Round "8.6"]
[White "Lutsko, Igor"]
[Black "Siniauski, Artsiom"]
[Result "1-0"]
[ECO "E48"]
[WhiteElo "2305"]
[BlackElo "2301"]
[Annotator "ChessBase"]
[PlyCount "77"]
[EventDate "2022.01.09"]
[EventType "tourn"]
[EventCountry "BLR"]
[SourceTitle "playchess.com"]
[Source "ChessBase"]
[SourceQuality "1"]
[TimeControl "40/5400+30:1800+30"]

1. d4 Nf6 2. c4 e6 3. Nc3 Bb4 4. e3 c5 5. Bd3 Nc6 6. Nge2 cxd4 7. exd4 d5 8. cxd5 Nxd5 9. O-O O-O 10. Qc2 h6 11. Rd1 Be7 12. Be4 Bf6 13. Qd3 Nce7 14. Qg3 Kh8 15. Qf3 Bd7 16. Qh5 Kg8 17. Rd3 Nxc3 18. Nxc3 Nf5 19. Bxb7 Rb8 20. Be4 Bb5 21. Rd1 g6 22. Qh3 Qb6 23. Bxf5 gxf5 24. Bxh6 Rfd8 25. Qg3+ Kh7 26. Bf4 Rbc8 27. Be5 Bxe5 28. dxe5 Bc6 29. Qh4+ Kg8 30. Qg5+ Kf8 31. Rac1 Rxd1+ 32. Nxd1 Rd8 33. h4 Bb7 34. Ne3 Rd4 35. h5 Qxb2 36. Rc7 Qa1+ 37. Nf1 Rg4 38. Qd8+ Kg7 39. Qf6+ 1-0

[Event "Belarus-ch Men 2022"]
[Site "Minsk"]
[Date "2022.01.19"]
[Round "11.2"]
[White "Lazavik, Denis"]
[Black "Siniauski, Artsiom"]
[Result "1/2-1/2"]
[ECO "E32"]
[WhiteElo "2465"]
[BlackElo "2301"]
[Annotator "RC"]
[PlyCount "65"]
[EventDate "2022.01.09"]
[EventType "tourn"]
[EventCountry "BLR"]
[SourceTitle "playchess.com"]
[Source "ChessBase"]
[SourceQuality "1"]
[TimeControl "40/5400+30:1800+30"]

1. d4 Nf6 2. c4 e6 3. Nc3 Bb4 4. Qc2 O-O 5. a3 Bxc3+ 6. Qxc3 b6 7. Bg5 Bb7 8. f3 h6 9. Bh4 c5 10. dxc5 bxc5 11. e3 Nc6 12. Bd3 Qa5 13. Ne2 Qxc3+ 14. Nxc3 Ba6 15. Bxf6 gxf6 16. Ne4 Ne5 17. Be2 Bxc4 18. Nxf6+ Kg7 19. Nxd7 Nxd7 20. Bxc4 Ne5 21. Be2 Rab8 22. f4 Nc6 23. O-O-O Rb3 24. Rd3 Rfb8 25. Rxb3 Rxb3 26. Bf3 Na5 27. e4 Nc4 28. Kc2 Rb6 29. Rb1 e5 30. f5 Kf6 31. h4 Ke7 32. g4 f6 33. Be2 1/2-1/2